 Dungeon Crawl Stone Soup version 0.26.0-3-g156281e41b (webtiles) character file.

Game seed: 345509691471634313

3554 Acheron the Cleaver (level 9, 0/79 HPs)
             Began as a Minotaur Berserker on Jan 9, 2021.
             Was a Priest of Trog.
             Slain by a cane toad (2 damage)
             ... on level 1 of the Lair of Beasts.
             The game lasted 00:20:01 (5047 turns).

Acheron the Cleaver (Minotaur Berserker)            Turns: 5047, Time: 00:20:10

Health: 0/79       AC:  9    Str: 22    XL:     9   Next: 83%
Magic:  8/8        EV: 16    Int:  6    God:    Trog [***...]
Gold:   80         SH:  0    Dex: 11    Spells: 8/8 levels left

rFire    . . .     SeeInvis +   v - +0 war axe
rCold    . . .     Faith    .   (no shield)
rNeg     . . .     Spirit   .   d - +1 scale mail
rPois    .         Reflect  .   (helmet restricted)
rElec    .         Harm     .   (no cloak)
rCorr    .         Rampage  .   (no gloves)
Will     .....                  (no boots)
Stlth    +.........             (no amulet)
HPRegen  0.23/turn              r - +4 ring of evasion
MPRegen  0.11/turn              B - ring of see invisible

@: lethally poisoned (0 -> -30)
A: retaliatory headbutt, horns 2
a: Renounce Religion, Berserk, Trog's Hand


You were on level 1 of the Lair of Beasts.
You worshipped Trog.
Trog was most pleased with you.
You visited 2 branches of the dungeon, and saw 11 of its levels.

You collected 275 gold pieces.
You spent 195 gold pieces at shops.

Inventory:

Hand Weapons
 a - a +1 hand axe
 q - a +0 dagger of venom
 s - a +0 battleaxe
 t - a +1 rapier of venom
 v - a +0 war axe (weapon)
Missiles
 g - 160 stones
 h - 10 javelins
 i - 9 sling bullets
 o - 8 boomerangs
Armour
 d - a +1 scale mail (worn)
Jewellery
 r - a +4 ring of evasion (left hand)
 y - an uncursed amulet of magic regeneration {unknown}
 B - a ring of see invisible (right hand)
Wands
 m - a wand of random effects (6)
 z - a wand of paralysis (5) (quivered)
 D - a wand of acid (5)
Scrolls
 b - 2 scrolls of fear
 c - 6 scrolls of remove curse
 n - a scroll of fog
 p - 3 scrolls of teleportation
 C - a scroll of magic mapping
Potions
 e - 2 potions of lignification {unknown}
 f - a potion of magic {unknown}
 j - a potion of attraction {unknown}
 k - 2 potions of curing {unknown}
 l - a potion of flight {unknown}
 x - a potion of heal wounds
Miscellaneous
 u - a condenser vane
 w - a tin of tremorstones (2/2)


   Skills:
 * Level 7.4 Fighting
 * Level 10.3 Axes
 * Level 3.8 Throwing
 * Level 7.6 Armour
 * Level 5.2 Dodging
 * Level 4.0 Stealth
 * Level 2.7 Evocations


You had 8 spell levels left.
You didn't know any spells.
Your spell library was empty.

Dungeon Overview and Level Annotations

Branches:
Dungeon (11/15)              Lair (1/6) D:8
 Temple: D:4-7          Orc: D:9-12

Altars:
Ashenzari
Cheibriados
Dithmenos
Elyvilon
Gozag
Okawaru
Trog

Shops:
D:8 =

Annotations:
D:9 3 runed translucent doors, EnegeticOcto's ghost, novice DDFi; paps's ghost, novice OpMo


Innate Abilities, Weirdness & Mutations

You reflexively headbutt those who attack you in melee.
You have a pair of horns on your head.


Message History

You slash the cane toad! Your headbutt misses the cane toad.
The cane toad is moderately wounded.
You feel sick. The cane toad completely misses you.
You hit the cane toad. You headbutt the cane toad!
The cane toad is heavily wounded.
You feel sick. The cane toad stings you!
You hit the cane toad.
The cane toad is severely wounded.
You feel sick. The cane toad stings you!!
* * * LOW HITPOINT WARNING * * *
You are lethally poisoned!
The cane toad poisons you!
You closely miss the cane toad. Your headbutt misses the cane toad.
The cane toad is severely wounded.
* * * LOW HITPOINT WARNING * * *
You feel very sick. The cane toad stings you!
* * * LOW HITPOINT WARNING * * *
The cane toad stings you.
You die...

.....#............##
...#............#......#
...#.....#......#......#
##.......#.##..##.......
...........:............
......................>.
........................
........)......(........
.......@F...............
.........##+#####....### .
.^$..................# ..
#P.#P...#........#..####
.....#########P..#............##.
.....##.....##...#........#..# #.
.....(......##...#........#..# #.
.....##.....##......†........# #.
.....##.....##...P...##...#..####


You could see a cane toad.

Vanquished Creatures
  A cane toad (Lair:1)
  2 wyverns
  3 yaks (D:10)
  2 basilisks (D:8)
  3 water moccasins
  4 sky beasts
  An eye of draining (D:9)
  An ice beast (D:8)
  3 ogres
  A bullfrog (Lair:1)
  Blork the orc (D:4)
  A water moccasin zombie (D:7)
  2 scorpions
  7 killer bees
  A jelly (D:10)
  A bullfrog zombie (D:9)
  4 hounds
  A quasit (D:8)
  An orc priest (D:9)
  2 centaur skeletons
  Jessica (D:2)
  3 worker ants
  A gnoll (D:1)
  9 adders
  A shadow imp (D:5)
  An ufetubus (D:9)
  An ooze (D:1)
  3 worms
  4 dart slugs
  3 leopard geckos (D:2)
  12 orcs
  4 giant cockroaches
  6 goblins
  7 hobgoblins
  2 jackals (D:3)
  A quokka (D:10)
  4 bats
  A frilled lizard (D:2)
  5 kobolds
  2 quokka skeletons (D:5)
  5 rats
118 creatures vanquished.

Vanquished Creatures (others)
  2 fungi
  A plant (D:8)
  6 withered plants (D:9)
9 creatures vanquished.

Grand Total: 127 creatures vanquished

Notes
Turn   | Place    | Note
-------+----------+-------------------------------------------
     0 | D:1      | Acheron the Minotaur Berserker began the quest for the Orb.
     0 | D:1      | Reached XP level 1. HP: 19/19 MP: 0/0
   113 | D:1      | Reached XP level 2. HP: 26/27 MP: 1/1
   425 | D:1      | Reached skill level 4 in Axes
   425 | D:1      | Reached XP level 3. HP: 22/33 MP: 2/2
  1066 | D:2      | Reached skill level 1 in Stealth
  1074 | D:2      | Reached ** piety under Trog
  1172 | D:2      | Noticed Jessica
  1177 | D:2      | Killed Jessica
  1178 | D:2      | Reached XP level 4. HP: 39/41 MP: 3/3
  1941 | D:4      | Reached XP level 5. HP: 47/47 MP: 4/4
  1949 | D:4      | Noticed Blork the orc
  1955 | D:4      | Killed Blork the orc
  1956 | D:4      | Reached skill level 5 in Axes
  1982 | D:5      | Entered Level 5 of the Dungeon
  1990 | D:5      | Noticed a sky beast
  2000 | D:5      | Killed a sky beast
  2001 | D:5      | Reached XP level 6. HP: 23/55 MP: 5/5
  2180 | D:5      | Found an iron altar of Okawaru.
  2185 | D:5      | Reached skill level 1 in Throwing
  2188 | D:5      | Reached skill level 5 in Fighting
  2209 | D:5      | Reached skill level 6 in Axes
  2307 | D:4      | You fall into a shaft and drop 3 floors!
  2329 | D:7      | Reached XP level 7. HP: 61/61 MP: 6/6
  2609 | D:8      | Found a shadowy altar of Dithmenos.
  2627 | D:8      | Found a snail-covered altar of Cheibriados.
  2632 | D:8      | Found an opulent altar of Gozag.
  2645 | D:8      | Found a bloodstained altar of Trog.
  2654 | D:8      | Found a broken altar of Ashenzari.
  2696 | D:9      | Reached *** piety under Trog
  2723 | D:10     | Entered Level 10 of the Dungeon
  2846 | D:10     | Reached skill level 7 in Axes
  2907 | D:10     | Noticed a yak
  2908 | D:10     | Noticed a yak
  2908 | D:10     | Noticed a yak
  2919 | D:10     | Killed a yak
  2920 | D:10     | Reached XP level 8. HP: 66/70 MP: 7/7
  2925 | D:10     | Reached skill level 1 in Evocations
  2931 | D:10     | Reached skill level 8 in Axes
  2931 | D:10     | Reached skill level 5 in Armour
  3246 | D:9      | Found a white marble altar of Elyvilon.
  3409 | D:9      | Found a runed translucent gate.
  3409 | D:9      | Found a runed translucent gate.
  3409 | D:9      | Found a runed translucent gate.
  3414 | D:9      | Noticed paps's ghost (novice OpMo)
  3414 | D:9      | Noticed EnegeticOcto's ghost (novice DDFi)
  3545 | D:9      | Reached skill level 9 in Axes
  4200 | D:8      | Reached XP level 9. HP: 78/78 MP: 8/8
  4224 | D:8      | Found a staircase to the Lair.
  4224 | D:8      | Noticed an elephant
  4709 | D:8      | Found Roteac's Jewellery Boutique.
  4718 | D:8      | Bought an uncursed ring of see invisible for 195 gold
                  | pieces
  4790 | D:8      | Noticed a two-headed ogre
  4799 | Lair:1   | Entered Level 1 of the Lair of Beasts
  4804 | Lair:1   | Reached skill level 5 in Dodging
  4852 | Lair:1   | Reached skill level 10 in Axes
  4919 | Lair:1   | Noticed a cane toad
  4927 | Lair:1   | Killed a cane toad
  5032 | Lair:1   | Noticed a cane toad
  5047 | Lair:1   | HP: 2/79 [cane toad (16)]
  5047 | Lair:1   | Slain by a cane toad

Illustrated notes

Levels and vault maps discovered:
D:1:      heliophobic_arrival_ceremonial_halls, layout_basic,
          minmay_crystal_room
D:2:      layout_basic, minmay_pentomino_r2, uniq_jessica
D:3:      layout_loops_cross, nicolae_overflow_hidden_temple,
          chequers_ecumenical_altar_island
D:4:      layout_basic, old_standard_altar, uniq_crazy_yiuf_cottage,
          uniq_blork_the_orc
D:5:      layout_cave_pools, lemuel_doored_altar, okawaru_gym_becter,
          uniq_eustachio
D:7:      layout_layer_cave, kennysheep_little_box, uniq_joseph
D:8:      layout_rooms, overflow_temple_1_default,
          ashenzari_conservatory_becter, marbit_many_paths, slow_altar_1,
          general_overflow_altar, david_lair_generic, basic_altar, serial_shops,
          shop_fountains, st_stairs_2
D:9:      layout_loops_ring, elyvilon_altar_1, basic_altar,
          gammafunk_ghost_cemetery, serial_shops, nicolae_shop_waterfront,
          uniq_pikel
D:10:     layout_roguey, minmay_curled_crystal
D:11:     layout_long_grid, erik_orc_1, uniq_urug
Lair:1:   statuecave_lemuel, layout_regular_city

Skill      XL: |  1  2  3  4  5  6  7  8  9 |
---------------+----------------------------+-----
Fighting       | 4 5 6 7 |  7.4
Axes           | 4 5 6 7 9 10 | 10.3
Stealth        | 1 2 3 4 |  4.0
Armour         | 3 4 5 7 |  7.6
Dodging        | 3 4 5 |  5.2
Throwing       | 1 2 3 |  3.8
Evocations     | 1 2 |  2.7

Action                   |  1- 3 |  4- 6 |  7- 9 || total
-------------------------+-------+-------+-------++-------
Melee: Hand axe          |    57 |    58 |       ||   115
       Headbutt          |    10 |    11 |    38 ||    59
       Battleaxe         |       |    41 |    23 ||    64
       War axe           |       |       |   181 ||   181
Throw: Javelin           |       |     4 |     5 ||     9
Invok: Berserk           |       |       |     1 ||     1
Evoke: Wand              |       |       |     1 ||     1
  Use: Scroll            |     5 |     3 |     3 ||    11
       Potion            |       |       |     1 ||     1
Armor: Animal skin       |     7 |       |       ||     7
       Scale mail        |     7 |    38 |    59 ||   104
Dodge: Dodged            |    32 |    88 |   175 ||   295
